 Dungeon Crawl Stone Soup version 0.26-a0-1038-gfb849e850a (webtiles) character file.

Game seed: 7367343135348153882

49 Kraken2834 the Chopper (level 3, -6/34 HPs)
             Began as a Deep Dwarf Monk on Dec 11, 2020.
             Splashed by Ijyb's acid (11 damage)
             ... on level 2 of the Dungeon.
             The game lasted 00:04:10 (845 turns).

Kraken2834 the Chopper (Deep Dwarf Monk)             Turns: 845, Time: 00:04:11

Health: -6/34      AC:  0    Str: 15    XL:     3   Next: 53%
Magic:  2/2        EV: 13    Int: 10    God:
Gold:   153        SH:  0    Dex: 15    Spells: 2/2 levels left

rFire    . . .     SeeInvis .   a - +0 hand axe
rCold    . . .     Faith    .   (no shield)
rNeg     . . .     Spirit   .   j - +0 leather armour
rPois    .         Reflect  .   (no helmet)
rElec    .         Harm     .   (no cloak)
rCorr    .         Rampage  .   (no gloves)
Will     .....                  (no boots)
Stlth    ++........             (no amulet)
HPRegen  0.00/turn              (no ring)
MPRegen  0.08/turn              (no ring)

@: corroded, non-regenerating
A: damage resistance, heal wounds, sense surroundings 1, no regeneration
a: Heal Wounds


You were on level 2 of the Dungeon.
You visited 1 branch of the dungeon, and saw 2 of its levels.

You collected 153 gold pieces.

Inventory:

Hand Weapons
 a - a +0 hand axe (weapon)
Armour
 b - a +0 robe
 j - a +0 leather armour (worn)
Scrolls
 c - a scroll of noise {unknown}
 d - 2 scrolls of enchant weapon {unknown}
 e - 2 scrolls of remove curse {unknown}
 f - 3 scrolls of teleportation {unknown}
 i - a scroll of enchant armour {unknown}
 k - a scroll of amnesia {unknown}
Potions
 g - a potion of degeneration {unknown}
 h - a potion of brilliance {unknown}
 l - a potion of berserk rage {unknown}
 m - a potion of mutation {unknown}


   Skills:
 + Level 3.3 Fighting
 + Level 4.3 Axes
 * Level 1.0 Armour
 - Level 3.2 Dodging
 - Level 2.4 Stealth


You had 2 spell levels left.
You didn't know any spells.
Your spell library was empty.

Dungeon Overview and Level Annotations

Branches:
Dungeon (2/15)

Altars:
Dithmenos
Nemelex Xobeh
Vehumet
Xom

Annotations:
D:2 Ijyb


Innate Abilities, Weirdness & Mutations

You are resistant to damage.
You can heal yourself by infusing magical energy.
You passively map a small area around you.
You do not regenerate.


Message History

You barely miss the goblin. The goblin hits you with a +0 dagger.
Ijyb zaps a wand.
The bolt of acid misses you.
You hit Ijyb but do no damage.
Ijyb is moderately wounded.
You hit the goblin.
You kill the goblin!
Ijyb zaps a wand.
The bolt of acid misses you.
Your Armour skill increases to level 1!
You barely miss Ijyb.
Ijyb is moderately wounded.
Ijyb hits you with a +0 dagger.
You barely miss Ijyb.
Ijyb is moderately wounded.
Ijyb hits you with a +0 dagger.
You barely miss Ijyb.
Ijyb is moderately wounded.
Ijyb zaps a wand.
The bolt of acid hits you!
* * * LOW HITPOINT WARNING * * *
The acid corrodes you!
You are splashed with acid!
You die...

, , * * #8.....8# *
.......# .....8#, , ,
.....# * ....#
###########* ...#####.
#.8.8.8.8.#.###g)......
#8_.._...8#....@......#
#.........#####)..(....
#.........#..##†.......
,
#8....†..8#...†.......#
*
#._.......####.........
#8.......8# ##........
####...########........
,, #...#...............
#...#.#.##)......... ,


You could see Ijyb.

Vanquished Creatures
  An adder (D:2)
  2 dart slugs (D:1)
  2 leopard geckos (D:2)
  2 giant cockroaches (D:2)
  9 goblins
  3 hobgoblins
  7 kobolds
  A ball python (D:1)
  2 bats
  A frilled lizard (D:2)
  4 rats
34 creatures vanquished.

Notes
Turn   | Place    | Note
-------+----------+-------------------------------------------
     0 | D:1      | Kraken2834 the Deep Dwarf Monk began the quest for the Orb.
     0 | D:1      | Reached XP level 1. HP: 20/20 MP: 1/1
   135 | D:1      | Reached XP level 2. HP: 27/27 MP: 2/2
   687 | D:2      | Reached skill level 4 in Axes
   691 | D:2      | Found a shadowy altar of Dithmenos.
   712 | D:2      | Found a basalt altar of Yredelemnul.
   714 | D:2      | Found a glowing silver altar of Zin.
   714 | D:2      | Found a radiant altar of Vehumet.
   716 | D:2      | Found a shimmering altar of Xom.
   716 | D:2      | Found a stormy altar of Qazlal.
   716 | D:2      | Found a sparkling altar of Nemelex Xobeh.
   781 | D:2      | Reached XP level 3. HP: 27/34 MP: 2/2
   823 | D:2      | Noticed Ijyb
   843 | D:2      | Reached skill level 1 in Armour
   845 | D:2      | Splashed by Ijyb's acid

Illustrated notes

Levels and vault maps discovered:
D:1:      dpeg_arrival_pits, layout_basic
D:2:      kennysheep_the_goblin_king, layout_rooms, overflow_temple_1_default,
          doesnt_xom_only_xom, grunt_dithmenos_smoke

Skill      XL: |  1  2  3 |
---------------+----------+-----
Fighting       | 3 |  3.3
Axes           | 4 |  4.3
Armour         | 1 |  1.0
Dodging        | |  3.2
Stealth        | |  2.4

Action                   || total
-------------------------++-------
Melee: Hand axe          ||    91
 Abil: Heal Wounds       ||     2
 Stab: Sleeping          ||     2
Armor: Leather armour    ||    11
       Robe              ||     1
Dodge: Dodged            ||    70

Table legend: (Time is in decaauts)
 A = Elapsed time spent in this place.
 B = Non-inter-level travel time spent in this place.
 C = Inter-level travel time spent in this place.
 D = Time resting spent in this place.
 E = Time spent auto-exploring this place.
 F = Levels seen in this place.
 G = Mean time per level.
                   A        B        C        D        E       F      G
               +--------+--------+--------+--------+--------+-----+--------+
         Total |    853 |    827 |     26 |      0 |    447 |   2 |  426.5 |
       Dungeon |    853 |    827 |     26 |      0 |    447 |   2 |  426.5 |
               +--------+--------+--------+--------+--------+-----+--------+

Top non-repeatable levels by time:
     D:1: 639 daAuts
     D:2: 214 daAuts
